 Dungeon Crawl Stone Soup version 0.29.0-4-gdea44cf6ec (webtiles) character file.

Game seed: 17329673112476066883

1490520 ntrailstourney the Archmage (level 27, 170/211 HPs)
             Began as a Djinni Conjurer on Aug 23, 2022.
             Was the Champion of Cheibriados.
             Escaped with the Orb
             ... and 3 runes on Aug 27, 2022!
             The game lasted 07:49:45 (92448 turns).

ntrailstourney the Archmage (Djinni Conjurer)      Turns: 92448, Time: 07:49:46

Health: 170/211    AC: 44    Str: 29    XL:     27
Gold:   5657       EV: 14    Int: 57    God:    Cheibriados [******] SH: 22 Dex: 29

rFire   + + +      SeeInvis .   j - +6 scimitar of Indomitability {flame, rPois rN+ Int+4}
rCold   + + +      Faith    .   w - +5 kite shield {rF+}
rNeg    + . .      Spirit   .   i - +8 orange crystal plate armour {Archmagi, Int+3 Clar, rare}
rPois   ∞          Reflect  .   q - +3 hat of Pondering {ponderous, Will+ MP+10 Int+5}
rElec   +          Harm     .   u - +0 cloak {rCorr}
rCorr   +          Rampage  .   e - +1 pair of gloves of the Orb Guardian {rC+}
Will    +++..      Archmagi +   (boots unavailable)
Stlth   .......... Clarity  +   n - amulet of Zunoxti {rElec rF- rC+++ Regen+ Slay-2}
HPRegen 1.25/turn               B - ring of Tiowoki {rPois rF++ Str+4 Int+4}
MPRegen 0.00/turn               Z - ring of wizardry

@: flying, very slow
A: sickness immunity, fire resistance 2, cold vulnerability 1, float, innate
caster, HP casting, extra vitality 1, weak 1, evolution 1
0: Orb of Zot
}: 3/15 runes: decaying, serpentine, silver
a: Renounce Religion, Bend Time, Temporal Distortion, Slouch, Step From Time


You escaped.
You worshipped Cheibriados.
Cheibriados was exalted by your worship.
You visited 12 branches of the dungeon, and saw 51 of its levels.
You also visited: Trove, Ossuary, Gauntlet, Ice Cave and Desolation.

You collected 8383 gold pieces.
You spent 2726 gold pieces at shops.


Innate Abilities, Weirdness & Mutations

You are immune to sickness and miasma.
You are immune to poison.
Your flesh is very heat resistant. (rF++)
You are vulnerable to cold. (rC-)
You float through the air rather than walking.
You learn spells naturally, not from books.
Your magical power is your life essence.
You have superior vitality. (+4 MHP)
You are weak. (Str -2)
You have hidden genetic potential.


   Skills:
 - Level 22.0 Fighting
 - Level 22.0 Armour
 - Level 10.0 Dodging
 - Level 4.0 Stealth
 - Level 18.0 Shields
 + Level 2.5 Unarmed Combat
 O Level 27 Spellcasting
 - Level 9.0 Invocations
 - Level 10.0 Evocations


You couldn't memorise any spells.
You knew the following spells:

 Your Spells              Type           Power      Damage    Failure   Level
a - Animate Armour        Summ/Erth      100%       N/A       0%          4
c - Call Imp              Summ           100%       N/A       0%          2
d - Dazzling Flash        Conj/Hex       100%       N/A       0%          3
e - Ensorcelled Hibernat  Hex/Ice        100%       N/A       0%          2
f - Fulminant Prism       Conj/Hex       91%        3d37      0%          4
g - Malign Gateway        Summ/Tloc      91%        N/A       0%          7
i - Iskenderun's Mystic   Conj/Tloc      100%       2d19      0%          4
l - Chain Lightning       Conj/Air       91%        3d121     1%          9
m - Magic Dart            Conj           100%       1d8       0%          1
s - Searing Ray           Conj           100%       2d8       0%          2
t - Tukima's Dance        Hex            100%       N/A       0%          3
v - Summon Mana Viper     Hex/Summ       100%       N/A       0%          5
D - Death Channel         Necr           91%        N/A       0%          6
I - Iron Shot             Conj/Erth      91%        9d16      0%          6
J - Disjunction           Tloc           91%        N/A       1%          8
M - Monstrous Menagerie   Summ           91%        N/A       0%          7
S - Shatter               Erth           91%        3d65*     1%          9
X - Necrotise             Necr           100%       1d9       0%          1
Your spell library was empty.

Inventory:

Hand Weapons
 j - the +6 scimitar of Indomitability (weapon) {flame, rPois rN+ Int+4}
   (You took it off a minotaur in a Gauntlet)

   It burns those it strikes, dealing additional fire damage.
   Big, fiery blades are also staple armaments of hydra-hunters.
   Int:       It affects your intelligence (+4).
   rPois:     It protects you from poison.
   rN:        It protects you from negative energy.
Missiles
 z - 16 javelins
 L - 6 silver javelins
 U - 4 throwing nets {=f!f}
Armour
 a - the +0 faerie dragon scales {rElec rCorr Str+7}
   (You took it off the Enchantress on level 2 of the Depths)

   Str:       It affects your strength (+7).
   rElec:     It insulates you from electricity.
   rCorr:     It protects you from acid and corrosion.
 e - the +1 pair of gloves of the Orb Guardian (worn) {rC+}
   (You found it on level 11 of the Dungeon)

   rC:        It protects you from cold.
 i - the +8 orange crystal plate armour (worn) {Archmagi, Int+3 Clar, rare}
   (You found it on level 8 of the Dungeon)

   Int:       It affects your intelligence (+3).
   Clar:      It protects you against confusion.
 q - the +3 hat of Pondering (worn) {ponderous, Will+ MP+10 Int+5}
   (You found it in the Desolation of Salt)

   Int:       It affects your intelligence (+5).
   MP:        It affects your magic capacity (+10).
   Will:      It increases your willpower.
 u - a +0 cloak of preservation (worn)
   (You took it off a draconian shifter on level 1 of the Realm of Zot)
 v - a +2 cloak
   (You took it off a draconian shifter on level 2 of the Realm of Zot)
 w - a +5 kite shield of fire resistance (worn)
   (You took it off a naga warrior on level 2 of the Snake Pit)
Jewellery
 l - the ring of the Tarantula {rElec Will+ Str+4}
   (You found it on level 2 of the Swamp)

   [ring of willpower]

   Str:       It affects your strength (+4).
   rElec:     It insulates you from electricity.
   Will:      It increases your willpower.
 n - the amulet of Zunoxti (around neck) {rElec rF- rC+++ Regen+ Slay-2}
   (You found it in the Desolation of Salt)

   [amulet of regeneration]

   Slay:      It affects your accuracy & damage with ranged weapons and melee
   (-2).
   rF:        It makes you vulnerable to fire.
   rC:        It renders you almost immune to cold.
   rElec:     It insulates you from electricity.
   Regen:     It increases your rate of health regeneration.
 B - the ring of Tiowoki (left hand) {rPois rF++ Str+4 Int+4}
   (You found it on level 4 of the Vaults)

   [ring of poison resistance]

   Str:       It affects your strength (+4).
   Int:       It affects your intelligence (+4).
   rF:        It greatly protects you from fire.
   rPois:     It protects you from poison.
 C - the ring of the Charred God {+Blink rF+ rN+ rCorr Stlth-}
   (You found it on level 3 of the Crypt)

   [ring of positive energy]

   rF:        It protects you from fire.
   rN:        It protects you from negative energy.
   +Blink:    It lets you blink.
   rCorr:     It protects you from acid and corrosion.
   Stlth:     It makes you less stealthy.
 D - the ring "Dotyhis" {rF+ rC+ MP+9 Str-3 SInv}
   (You found it on level 2 of the Realm of Zot)

   [ring of magical power]

   Str:       It affects your strength (-3).
   rF:        It protects you from fire.
   rC:        It protects you from cold.
   MP:        It affects your magic capacity (+9).
   SInv:      It lets you see invisible.
 I - a +6 ring of intelligence
   (You found it on level 2 of the Dungeon)
 Z - a ring of wizardry (right hand)
   (You found it on level 2 of the Depths)
Wands
 H - a wand of flame (111)
   (You found it on level 4 of the Dungeon)
 J - a wand of iceblast (9)
   (You found it on level 2 of the Depths)
 O - a wand of mindburst (38)
   (You found it in an ice cave)
 R - a wand of quicksilver (20)
   (You found it in a Gauntlet)
 T - a wand of digging (9)
   (You found it on level 6 of the Dungeon)
Scrolls
 b - 3 scrolls of enchant armour
 f - 10 scrolls of enchant weapon
 k - 10 scrolls of fog
 o - 5 scrolls of poison
 p - 8 scrolls of magic mapping {!r}
 x - a scroll of silence {!r}
 y - 7 scrolls of immolation {!r!r}
 A - 23 scrolls of teleportation {@r4}
 E - a scroll of summoning
 F - 14 scrolls of vulnerability {!r!r}
 P - 4 scrolls of blinking {!r}
 X - 12 scrolls of noise {!r}
 Y - 4 scrolls of fear
Potions
 c - 20 potions of curing {@q1}
 d - 9 potions of brilliance
 h - 8 potions of invisibility
 m - 7 potions of attraction {!q}
 s - 6 potions of resistance
 t - 6 potions of mutation {!q}
 M - 12 potions of might
 N - 8 potions of ambrosia
 Q - 10 potions of lignification {!q}
 V - 16 potions of heal wounds {@q2}
 W - 6 potions of cancellation
Miscellaneous
 g - a condenser vane
   (You found it on level 3 of the Crypt)
 r - a phial of floods
   (You found it on level 3 of the Vaults)
 G - a phantom mirror
   (You found it on level 3 of the Vaults)
 K - a tin of tremorstones (2/2)
   (You found it on level 10 of the Dungeon)
 S - a box of beasts
   (You found it on level 1 of the Vaults)

Dungeon Overview and Level Annotations

Branches:
Dungeon (15/15)            Temple (1/1) D:7            Lair (5/5) D:10
  Swamp (4/4) Lair:3        Snake (4/4) Lair:2        Slime (1/5) Lair:4
    Orc (2/2) D:9             Elf (2/3) Orc:2        Vaults (5/5) D:13
  Crypt (3/3) Vaults:3       Tomb (0/3) Crypt:3      Depths (4/4) D:15
    Zot (5/5) Depths:4    Ossuary (visited)           IceCv (visited)
Desolation (visited)      Gauntlet (visited)

Altars:
Ashenzari
Cheibriados
Dithmenos
Elyvilon
Fedhas
Gozag
Hepliaklqana
Makhleb
Nemelex Xobeh
Okawaru
Qazlal
Ru
Trog
Uskayaw
Wu Jian
Xom
Yredelemnul
Zin
The Shining One
Jiyva

Shops:
D:2 (   D:4 !   D:7 :   D:13 !   Orc:1 (   Orc:2 [=(*   Elf:1 *[?   Elf:2 :==
Snake:3 *   Snake:4 ?=**   Vaults:1 *   Vaults:4 [   Vaults:5 !?   Depths:1 [
Depths:2 =

Portals:
Hell: Depths:1 Depths:2 Depths:3 Depths:4
Abyss: Depths:2 Depths:3
Pandemonium: Depths:2
Ziggurat: Depths:3

Annotations:
Elf:2 5 runed translucent doors
Vaults:1 3 runed translucent doors, astronautguy's ghost, master FoEE
Vaults:2 2 transporters
Vaults:4 2 transporters
Zot:5 2 exclusions

♣♣♣.#..#.#.
♣♣......#.#.
♣♣.......#.##
♣........#...
♣♣........####
♣♣.........♣ #
♣..........♣ #
####..........♣ #
##@.#######....♣♣##
#.)..'...).....)..#
#....#..))......♣..
##..#######.......#
##'#...8........♣#
#..#..P.P.......♣
#..#...P.P..#..#♣
#..#..P.P.P.#..#
#..#.P.P.P..#..#


There were no monsters in sight!


Message History

You start resting. 😎 HP[+16]
Your hp is fully restored (211).
You start waiting.
Something hits you but does no damage.
Deactivating autopickup; reactivate with Ctrl-A.
Casting: Iskenderun's Mystic Blast (safe; 1% risk of failure)
Press: ? - help, Q - select action, (/) - cycle Dir - look around, f - activate You feel a surge of power!
You erupt in a blast of force!
The mystic blast hits something!! 😕 HP[-2]
You take 2 damage, and now have 209/211 hp.
Casting: Iskenderun's Mystic Blast (safe; 1% risk of failure)
Press: ? - help, Q - select action, (/) - cycle Dir - look around, f - activate You feel a surge of power!
You erupt in a blast of force!
The mystic blast hits something!
You block something's attack. 😕 HP[-3]
You take 3 damage, and now have 206/211 hp.
Casting: Iskenderun's Mystic Blast (safe; 1% risk of failure)
Press: ? - help, Q - select action, (/) - cycle Dir - look around, f - activate You feel a surge of power!
You erupt in a blast of force!
The mystic blast hits something!
Cheibriados thoroughly appreciates the change of pace.
Reactivating autopickup.
You feel a bit more experienced.
You hear a screech! 😕 HP[-3]
You take 3 damage, and now have 203/211 hp.
You start resting. 😎 HP[+8]
Your hp is fully restored (211).
You start waiting.
A neqoxec comes into view.
Casting: Chain Lightning (dangerous; 1% risk of failure)
Press: ? - help, Q - select action, (/) - cycle Dir - look around, f - activate You feel a surge of power!
Lightning arcs from your hands!
The bolt of lightning hits the neqoxec!!!
You kill the neqoxec!
Cheibriados appreciates the change of pace.
Something gurgles, "Disclaim thyself, thou reeling-ripe weather-bitten giglet!" 😕 HP[-8]
You take 8 damage, and now have 203/211 hp.
Really quaff
t - 7 potions of mutation {!q}?
Really quaff the potion of mutation?
You feel extremely strange. The horns on your head shrink away.
You feel healthier.
You feel a hidden potential growing inside you.
You regain control of your magic. 😕 HP[+1]
You start resting. 😎 HP[+7]
Your hp is fully restored (211).
You start waiting.
Onelargh comes into view.
Casting: Chain Lightning (mildly dangerous; 1% risk of failure)
Press: ? - help, Q - select action, (/) - cycle Dir - look around, f - activate You feel a surge of power!
Lightning arcs from your hands!
The bolt of lightning hits Onelargh!!!
Onelargh resists.
Onelargh breathes, "Repent, thou froward clay-brained snake-molt!"
You hear a chilling moan.
You hear a screech!
You hear a loud, deep croak!
A sixfirhy comes into view. 😕 HP[-8]
You take 8 damage, and now have 203/211 hp.
Casting: Chain Lightning (mildly dangerous; 1% risk of failure)
Press: ? - help, Q - select action, (/) - cycle Dir - look around, f - activate You feel a surge of power!
Lightning arcs from your hands!
The bolt of lightning hits the sixfirhy!!!!
The sixfirhy resists.
You kill the sixfirhy!
Cheibriados thoroughly appreciates the change of pace.
The bolt of lightning hits you! You resist.
The bolt of lightning hits Onelargh!!!
Onelargh resists. 😕 HP[-15]
You take 15 damage, and now have 188/211 hp.
Casting: Chain Lightning (mildly dangerous; 1% risk of failure)
Press: ? - help, Q - select action, (/) - cycle Dir - look around, f - activate You feel a surge of power!
Lightning arcs from your hands!
The bolt of lightning hits Onelargh!!!!
Onelargh resists.
The bolt of lightning hits you but does no damage. 😕 HP[-7]
You take 7 damage, and now have 181/211 hp.
Casting: Chain Lightning (mildly dangerous; 1% risk of failure)
Press: ? - help, Q - select action, (/) - cycle Dir - look around, f - activate You feel a surge of power!
Lightning arcs from your hands!
The bolt of lightning hits Onelargh!!!!
Onelargh resists.
You kill Onelargh!
Cheibriados thoroughly appreciates the change of pace.
The bolt of lightning hits you. You resist.
You have mastered Spellcasting!
You need to enable at least one skill for training.
Your Unarmed Combat skill gained 2 levels and is now at level 2! 😕 HP[-12]
You take 12 damage, and now have 169/211 hp.
Okay, then.
You have escaped!

Skill      XL: |  1  2  3  4  5  6  7  8  9 10 11 12 13 14 15 16 17 18 19 20 21 22 23 24 25 26 27 |
---------------+----------------------------------------------------------------------------------+-----
Fighting       | 1 2 3 4 5 7 8 9 10 12 13 14 15 16 17 19 20 21 22 | 22.0
Armour         | 1 2 3 4 6 8 9 10 11 13 15 18 20 21 22 | 22.0
Dodging        | 3 4 5 7 9 10 | 10.0
Spellcasting   | 4 5 7 8 9 10 11 13 14 15 16 17 18 20 21 22 27 | 27.0
Invocations    | 2 4 5 7 9 |  9.0
Shields        | 4 6 8 12 13 15 16 17 18 | 18.0
Evocations     | 3 4 5 6 9 10 | 10.0
Stealth        | 2 3 4 |  4.0
Unarmed Combat | 2 |  2.5

Action                   |  1- 3 |  4- 6 |  7- 9 | 10-12 | 13-15 | 16-18 | 19-21 | 22-24 | 25-27 || total
-------------------------+-------+-------+-------+-------+-------+-------+-------+-------+-------++-------
Melee: Dagger            |       |    23 |       |    19 |     6 |       |       |       |       ||    48
       Punch             |       |       |       |     2 |       |       |       |       |       ||     2
       Scimitar          |       |       |       |       |     2 |     1 |     5 |     5 |    18 ||    31
Throw: Throwing net      |       |       |     1 |     2 |       |       |       |       |     2 ||     5
 Cast: Magic Dart        |    48 |    18 |     9 |     2 |    10 |     2 |     1 |       |       ||    90
       Searing Ray       |     1 |    44 |    80 |    34 |    16 |    18 |       |     1 |       ||   194
       Dazzling Flash    |       |       |     2 |     1 |       |       |       |       |       ||     3
       Fulminant Prism   |       |       |    23 |    99 |   299 |   294 |    93 |    19 |    22 ||   849
       Iskenderun's Myst |       |       |     3 |   101 |   121 |   230 |    33 |    23 |    32 ||   543
       Tukima's Dance    |       |       |     3 |    10 |     2 |    43 |     2 |     3 |     1 ||    64
       Ensorcelled Hiber |       |       |     1 |     9 |     5 |     5 |     4 |     2 |       ||    26
       Summon Mana Viper |       |       |       |       |    18 |     4 |     8 |     2 |    10 ||    42
       Iron Shot         |       |       |       |       |       |       |   425 |   443 |   457 ||  1325
       Death Channel     |       |       |       |       |       |       |     4 |    17 |    37 ||    58
       Malign Gateway    |       |       |       |       |       |       |     3 |    23 |    31 ||    57
       Disjunction       |       |       |       |       |       |       |     1 |     2 |       ||     3
       Animate Armour    |       |       |       |       |       |       |       |       |     8 ||     8
       Monstrous Menager |       |       |       |       |       |       |       |       |     2 ||     2
       Chain Lightning   |       |       |       |       |       |       |       |       |   193 ||   193
       Shatter           |       |       |       |       |       |       |       |       |    74 ||    74
       Call Imp          |       |       |       |       |       |       |       |       |     1 ||     1
Invok: Heal Self         |       |       |       |     9 |     5 |     2 |     4 |       |       ||    20
       Heal Other        |       |       |       |     9 |    20 |     7 |    20 |       |       ||    56
       Slouch            |       |       |       |       |       |       |       |     1 |       ||     1
Evoke: Wand              |       |       |       |    12 |     2 |     6 |     3 |       |     5 ||    28
       Condenser vane    |       |       |       |       |       |       |       |     1 |       ||     1
       Phantom mirror    |       |       |       |       |       |       |       |       |     1 ||     1
  Use: Scroll            |       |     3 |     8 |     7 |    14 |       |     7 |     4 |    13 ||    56
       Potion            |       |     1 |     2 |       |       |     1 |     2 |     8 |    15 ||    29
 Stab: Sleeping          |       |     2 |       |       |       |       |       |       |       ||     2
       Distracted        |       |       |       |       |       |       |       |       |     2 ||     2
Armor: Robe              |     1 |     1 |       |       |       |       |       |       |       ||     2
       Leather armour    |       |    10 |    16 |    15 |     7 |       |       |       |       ||    48
       Animal skin       |       |       |       |       |    28 |    30 |    43 |     6 |       ||   107
       Crystal plate arm |       |       |       |       |       |       |       |    37 |   163 ||   200
Dodge: Dodged            |     2 |    27 |    41 |    39 |    64 |    50 |    47 |    58 |   118 ||   446
Block: Other             |     1 |    12 |    14 |    10 |     3 |       |       |       |       ||    40
       Reflection        |       |     1 |     2 |     1 |    11 |    61 |    25 |       |       ||   101
       Buckler           |       |       |       |       |    59 |    21 |       |       |       ||    80
       Kite shield       |       |       |       |       |       |   117 |    94 |   101 |   183 ||   495

Levels and vault maps discovered:
D:1:      sevenhm_arrival_forest_fort_large_4, layout_basic,
          hellmonk_ecumenical_altar_watching_god, minmay_misc_feat_doors,
          chequers_serial_rivers_room_a
D:2:      layout_loops_cross, serial_shops, nicolae_shop_bloodbath_and_beyond,
          dreamdust_princess_corridor, kennysheep_small_spiral,
          minmay_rat_gold_closets
D:3:      layout_loops_corners, mainiacjoe_overflow_paths, bloody_makhleb,
          serial_rivers, chequers_serial_rivers_micro_b,
          chequers_serial_rivers_micro_c, chequers_serial_rivers_room_b,
          chequers_serial_rivers_micro_e, chequers_serial_rivers_large_b
D:4:      layout_basic, regret_index_temple_of_mockery,
          overflow_temple_1_default, serial_shops, nicolae_shop_behind_doors,
          dk_rats_in_the_wall
D:5:      layout_basic, cheibrodos_worm_habitat, serial_demonic,
          serial_demonic_g, serial_demonic_g, serial_demonic_d,
          serial_demonic_g, serial_demonic_a, serial_demonic_e,
          gammafunk_ghost_nasty_kobolds
D:6:      minmay_spotlight, layout_loops_cross, kennysheep_little_box,
          nicolae_overflow_two_pavilions
D:7:      layout_basic, fedhas_altar_fruit_tree, minmay_temple_entry_crystal_x,
          lightli_ossuary_entry_decrepit_ruins, nicolae_shop_self_help
D:8:      layout_loops_cross, special_room [special_room_orc],
          uniq_prince_ribbit1, uniq_psyche, uniq_erica
D:9:      layout_loops_corners, orc_0_dummy, uniq_amaemon
D:10:     layout_loops_ring, dpeg_oklobed_lair, enter_trove_6
D:11:     gammafunk_cloud_chamber, layout_small_grid
D:12:     layout_stronghold
D:13:     layout_cave_pools, erik_vaults_1, serial_shops, shop,
          grunt_ministairs_4
D:14:     layout_basic, serial_bayou_ford_a, grunt_ministairs_10
D:15:     grunt_enter_depths_magical_seal, layout_basic,
          nicolae_ru_awakened_eye, kennysheep_kite_vault
Temple:   hellmonk_temple_forest_ring
Lair:1:   layout_gridlike, ebering_ghost_disaster_area,
          chequers_serial_rivers_large_a
Lair:2:   layout_small_grid, minmay_snake_entry_six_corridors,
          portal_ice_cave_rime, beast_lair_carwin_3, grunt_megastairs_5
Lair:3:   layout_cave_pods, minmay_swamp_entry_wisps, gauntlet_entry_generic,
          serial_bayou_shore_a
Lair:4:   layout_gridlike, slime_entry_1, grunt_forest_small_clearings
Lair:5:   cheibrodos_lair_end_hotspot, layout_long_grid, hibernation_bobbens,
          uniq_kirke
Swamp:1:  layout_basic_swamp, evilmike_swamp_ruin_rubble_2
Swamp:2:  gammafunk_worm_tunnel, layout_falls_marsh,
          evilmike_swamp_ruin_house_4, st_swamp_mini
Swamp:3:  layout_basic_swamp, hangedman_swamp_ruin_wall,
          nicolae_swamp_little_tower
Swamp:4:  swamp_old_school, layout_basic_swamp, swamp_pool3, uniq_aizul
Snake:1:  layout_rooms, st_stairs_4
Snake:2:  layout_layer_cave, nicolae_snake_naga_rites
Snake:3:  layout_basic, serial_shops, nicolae_lakefront_shop, drop_trap
Snake:4:  grunt_snake_rune_serpentine_throne, layout_rooms, minmay_shoptagon
Slime:1:  layout_caves
Orc:1:    layout_caves, nicolae_shop_firing_range
Orc:2:    grunt_orc_gardens, layout_caves, grunt_orc_garden, grunt_orc_garden,
          grunt_orc_garden, grunt_orc_garden, uniq_donald
Elf:1:    elf_arrival_002, layout_geoelf_octagon,
          portal_desolation_entry_nicolae_nacl, serial_shops,
          nicolae_shop_hallway_plus, nicolae_shop_advertising_works
          [nicolae_subvault_shop_adworks], shop_statue, hangedman_elf_represent,
          serial_sigils_hangedman_gut
Elf:2:    elven_hall_of_blades_hangedman_alternative
          [nicolae_blade_entry_diamond_columns], layout_geoelf_octagon,
          hellmonk_bongcloud_opening, minivault_16, minmay_shop_grove
Vaults:1: biasface_ghost_orc_armoury, v_alt_pattern_6,
          vaults_room_grunt_arrival_ludios, grunt_vaults_focal,
          ontoclasm_vaults_ligature, v_misc_14, vaults_room_corners,
          ontoclasm_vaults_gateway, hangedman_vaults_maws,
          layout_vaults_omnicross, serial_shops, nicolae_lakefront_shop
Vaults:2: gammafunk_ghost_wrathful_warriors, nicolae_vaults_fighting_squares,
          nicolae_vaults_ninety_degrees, vaults_mumra_chevron_long,
          nicolae_vaults_little_squares_1, vaults_room_grid,
          hangedman_vaults_stretched_pinwheel, vaults_room_door_hall,
          nicolae_vaults_asterisk, layout_vaults_omnigrid
Vaults:3: grunt_vaults_hallway_long, ontoclasm_vaults_shuriken,
          hangedman_vaults_corner_blocks, grunt_vaults_bifocal, v_misc_16,
          minmay_crypt_entry_necro_gods, vaults_room_stairs_pillars,
          ontoclasm_vaults_pinch, nicolae_vaults_border_crossing,
          vaults_mumra_minichess_inversion, nicolae_vaults_what_the_h,
          nicolae_vaults_little_squares_3, vaults_dpeg_spiral,
          vaults_room_pools, ontoclasm_vaults_claustrophobia, vaults_dpeg_hooks,
          layout_vaults_maze_bifur
Vaults:4: gammafunk_its_a_trap, vaults_room_hallway, nicolae_vaults_little_ls,
          nicolae_vaults_back_hallway, v_misc_26, hangedman_vaults_capsules,
          vaults_room_mumra_shop_pool, nicolae_vaults_network_square,
          ontoclasm_vaults_decontamination, hangedman_vaults_cutoff,
          layout_vaults_omnibox
Vaults:5
Crypt:1:  layout_catacombs, special_room [special_room_morgue],
          palyth_stone_intersect, st_stairs_12, lemuel_freeze_loot_1,
          grunt_megastairs_4, uniq_bai_suzhen, uniq_jory
Crypt:2:  layout_gridlike
Crypt:3:  quadcrypt_mu
Depths:1: dreamdust_cat_pyramid, layout_gridlike, hell_entry,
          columned_hall_lemuel, serial_bayou_pond_d, nicolae_barding_shop
Depths:2: minmay_box_of_statues, layout_cave_pools, grunt_mini_vestibule,
          rand_demon_pan_entry_5, serial_sigils, serial_sigils_hangedman_gnaw,
          serial_sigils_hangedman_shear, serial_sigils_hangedman_shear,
          serial_sigils_hangedman_snap, serial_sigils_hangedman_shear,
          serial_sigils_hangedman_writhe, serial_shops, shop,
          abyss_entry_crystal, uniq_enchantress
Depths:3: minmay_inside_and_out, layout_basic, enter_ziggurat_a, zin_angel,
          abyss_entry_small_statue_room, grunt_hell_entry_dis_mu,
          lemuel_flamethrower_2, infiniplex_staircase_pool_lava, uniq_mennas
Depths:4: evilmike_zot_entry_argh, layout_gridlike, hell_entry,
          minmay_misc_feat_ornament, uniq_frederick, uniq_vv
Zot:1:    layout_misc_corridors, uniq_parghit
Zot:2:    layout_gridlike, st_single_dragon_hoard_1
Zot:3:    layout_misc_corridors, gammafunk_ghost_grave
Zot:4:    layout_basic
Zot:5:    layout_misc_corridors

Notes
Turn   | Place    | Note
-------+----------+-------------------------------------------
     0 | D:1      | ntrailstourney the Djinni Conjurer began the quest for the
                  | Orb.
     0 | D:1      | ntrailstourney set off with the following spells memorised:
                  | Magic Dart, Searing Ray, Dazzling Flash, Fulminant Prism,
                  | Iskenderun's Mystic Blast.
     0 | D:1      | Reached XP level 1. HP: 15/15 MP: 0/0
     0 | D:1      | magus.rc [v1.11.3]
   300 | D:1      | Reached skill level 1 in Fighting
   468 | D:1      | Reached XP level 2. HP: 19/22 MP: 0/0
   657 | D:1      | You are sucked into a shaft and drop 1 floor!
   767 | D:2      | Reached skill level 2 in Fighting
   767 | D:2      | Reached XP level 3. HP: 21/28 MP: 0/0
   767 | D:2      | Learned a level 1 spell: Necrotise
  1151 | D:1      | Noticed a great orb of eyes
  1159 | D:1      | Noticed a great orb of eyes
  1203 | D:1      | Found a faded altar of an unknown god.
  1205 | D:1      | Noticed a floating eye
  1205 | D:1      | Noticed a shining eye
  1239 | D:1      | Prayed at the altar of an unknown god.
  1239 | D:1      | Became a worshipper of Elyvilon the Healer
  1239 | D:1      | Reached * piety under Elyvilon
  1961 | D:2      | Reached XP level 4. HP: 29/34 MP: 0/0
  2123 | D:2      | Found Finwiuka's Weapon Shop.
  2792 | D:2      | Reached ** piety under Elyvilon
  2924 | D:3      | Reached skill level 1 in Armour
  3389 | D:3      | Reached XP level 5. HP: 35/40 MP: 0/0
  3389 | D:3      | Learned a level 2 spell: Call Imp
  3476 | D:3      | Found a burning altar of Makhleb.
  4235 | D:4      | Reached skill level 3 in Fighting
  4373 | D:4      | Reached *** piety under Elyvilon
  4463 | D:4      | Found a hazy altar of Hepliaklqana.
  4464 | D:4      | Found a shimmering altar of Xom.
  4465 | D:4      | Noticed a spectral ugly thing
  4597 | D:4      | Reached skill level 3 in Dodging
  4769 | D:4      | Reached skill level 2 in Armour
  4769 | D:4      | Reached skill level 4 in Spellcasting
  4769 | D:4      | Reached XP level 6. HP: 40/46 MP: 0/0
  5204 | D:4      | Found Hyttuem's Distillery.
  5207 | D:4      | Bought a potion of brilliance for 56 gold pieces
  5207 | D:4      | Bought a potion of curing for 42 gold pieces
  5318 | D:4      | Found a glowing golden altar of the Shining One.
  5569 | D:4      | magus.rc [v1.11.3]
  5601 | D:5      | Entered Level 5 of the Dungeon
  5958 | D:5      | Reached XP level 7. HP: 48/51 MP: 0/0
  5958 | D:5      | Learned a level 2 spell: Ensorcelled Hibernation
  5978 | D:5      | Reached skill level 4 in Fighting
  6038 | D:5      | Found a runed translucent gate.
  6039 | D:5      | Found a runed translucent gate.
  6040 | D:5      | Found a runed translucent gate.
  6040 | D:5      | Noticed Gisufa's ghost (amateur FoAK)
  6084 | D:5      | Reached skill level 3 in Armour
  6298 | D:5      | Reached **** piety under Elyvilon
  6716 | D:5      | Found a snail-covered altar of Cheibriados.
  7614 | D:5      | HP: 13/53 [wight/+3 falchion of freezing (6)]
  7615 | D:5      | HP: 6/53 [wight/+3 falchion of freezing (3)]
  7617 | D:5      | Elyvilon protects you from harm!
  7926 | D:5      | Reached XP level 8. HP: 17/58 MP: 0/0
  8158 | D:5      | Reached skill level 5 in Fighting
  8422 | D:6      | Reached skill level 5 in Spellcasting
  8493 | D:6      | Found a shadowy altar of Dithmenos.
  8496 | D:6      | Found a stormy altar of Qazlal.
  8505 | D:6      | Reached skill level 1 in Invocations
  8600 | D:6      | Reached skill level 4 in Dodging
  8668 | D:6      | Reached skill level 4 in Armour
  8773 | D:6      | Reached skill level 2 in Invocations
  8974 | D:6      | Found an ornate altar of the Wu Jian Council.
  9426 | D:6      | Reached ***** piety under Elyvilon
  9434 | D:6      | Reached XP level 9. HP: 53/65 MP: 0/0
  9434 | D:6      | Learned a level 3 spell: Tukima's Dance
  9751 | D:7      | Found a sand-covered staircase.
  9765 | Ossuary  | Entered an ossuary
 10402 | D:7      | Reached skill level 6 in Spellcasting
 10502 | D:7      | Reached skill level 5 in Dodging
 10551 | D:7      | Reached skill level 3 in Invocations
 10693 | D:7      | Reached skill level 6 in Fighting
 10809 | D:7      | Found a staircase to the Ecumenical Temple.
 10981 | D:7      | Found Sitosub's Self-Improvement Boutique.
 11381 | D:7      | Found a blossoming altar of Fedhas.
 11448 | Temple   | Entered the Ecumenical Temple
 11616 | Temple   | Upgraded the game from 0.29-b1-11-g2030932060 to 0.29.0
 11616 | Temple   | magus.rc [v1.11.3]
 11848 | D:8      | Noticed Prince Ribbit
 11852 | D:8      | Killed Prince Ribbit
 12002 | D:8      | Reached skill level 7 in Spellcasting
 12016 | D:8      | Noticed Erica
 12023 | D:8      | Killed Erica
 12024 | D:8      | Reached skill level 7 in Fighting
 12024 | D:8      | Reached skill level 4 in Invocations
 12024 | D:8      | Reached XP level 10. HP: 54/75 MP: 0/0
 12895 | D:8      | Found the +8 orange crystal plate armour {Archmagi, Int+3
                  | Clar}
 12904 | D:8      | k - the +8 orange crystal plate armour {Archmagi, Int+3
                  | Clar, rare}
 13117 | D:8      | Noticed Psyche
 13123 | D:8      | Killed Psyche
 13220 | D:8      | Noticed a two-headed ogre
 13231 | D:8      | Killed a two-headed ogre
 13232 | D:8      | Reached skill level 8 in Spellcasting
 13232 | D:8      | Reached skill level 5 in Invocations
 13718 | D:9      | Noticed a two-headed ogre
 14039 | D:9      | HP: 4/76 [two-headed ogre/+0 giant club (32)]
 14042 | D:9      | Elyvilon protects you from harm!
 14043 | D:9      | Elyvilon protects you from harm!
 14044 | D:9      | Killed a two-headed ogre
 14045 | D:9      | Reached skill level 8 in Fighting
 14675 | D:9      | Reached XP level 11. HP: 55/81 MP: 0/0
 14675 | D:9      | Learned a level 4 spell: Animate Armour
 14685 | D:9      | Noticed Amaemon
 14692 | D:9      | Killed Amaemon
 14693 | D:9      | Reached skill level 5 in Armour
 14693 | D:9      | Reached skill level 6 in Invocations
 15005 | D:9      | Found a staircase to the Orcish Mines.
 15623 | D:10     | Entered Level 10 of the Dungeon
 15623 | D:10     | Noticed a two-headed ogre
 15634 | D:10     | Killed a two-headed ogre
 15926 | D:10     | Found a staircase to the Lair.
 15954 | D:10     | Noticed a two-headed ogre
 15965 | D:10     | Noticed a two-headed ogre
 15977 | D:10     | Killed a two-headed ogre
 16027 | D:10     | Reached skill level 9 in Fighting
 16027 | D:10     | Reached skill level 6 in Armour
 16121 | D:10     | Reached skill level 9 in Spellcasting
 16121 | D:10     | Reached skill level 7 in Invocations
 16289 | D:10     | Killed a two-headed ogre
 16846 | D:10     | Found a portal to a secret trove of treasure.
 16849 | D:10     | This trove needs +2 storm dragon scales to function. Give
                  | it the item?
 16936 | Lair:1   | Entered Level 1 of the Lair of Beasts
 16941 | Lair:1   | magus.rc [v1.11.3]
 16948 | Lair:1   | Identified the +1 robe of Leapfrog {Str+4}
 17000 | Lair:1   | Reached XP level 12. HP: 54/90 MP: 0/0
 17167 | Lair:1   | Found a large runed translucent door.
 17167 | Lair:1   | Found a large runed translucent door.
 17194 | Lair:1   | Reached ****** piety under Elyvilon
 17384 | Lair:1   | Reached skill level 7 in Armour
 17439 | Lair:1   | Noticed a five-headed hydra
 17446 | Lair:1   | Killed a five-headed hydra
 17629 | Lair:1   | Noticed avis's ghost (journeyman VSTm)
 17832 | Lair:1   | Killed avis's ghost
 17833 | Lair:1   | Reached skill level 8 in Invocations
 17839 | Lair:1   | Identified the ring of Amorality {Ice Will- Dex+4 SInv
                  | Stlth+}
 17908 | Lair:2   | Reached skill level 10 in Fighting
 17926 | Lair:2   | Found a frozen archway.
 17953 | IceCv    | Entered an ice cave
 18546 | IceCv    | Found the +4 skin of Zhor {*Englaciate rC+++ SInv}
 19672 | IceCv    | HP: 22/92 [ice statue] (24)]
 19675 | IceCv    | Reached skill level 8 in Armour
 19968 | IceCv    | Identified a +0 crystal plate armour of cold resistance
 19969 | IceCv    | Y - a +0 crystal plate armour of cold resistance {rare}
 19986 | IceCv    | Noticed a reaper
 19991 | IceCv    | HP: 20/92 [reaper/+2 scythe of freezing (20)]
 20041 | IceCv    | HP: 9/92 [death yak simulacrum (31)]
 20650 | Lair:2   | Reached skill level 9 in Invocations
 20728 | Lair:2   | Reached skill level 10 in Spellcasting
 20786 | Lair:2   | Reached XP level 13. HP: 52/97 MP: 0/0
 20786 | Lair:2   | Learned a level 5 spell: Summon Mana Viper
 20941 | Lair:2   | Reached skill level 11 in Fighting
 21162 | Lair:2   | Reached skill level 9 in Armour
 21507 | D:7      | Bought a manual of Spellcasting for 880 gold pieces
 21523 | D:7      | You drop the +8 orange crystal plate armour {Archmagi,
                  | Int+3 Clar, rare}.
 21527 | D:7      | You drop a +0 crystal plate armour of cold resistance
                  | {rare}.
 21626 | D:4      | Bought a potion of invisibility for 112 gold pieces
 21626 | D:4      | Bought a potion of mutation for 112 gold pieces
 21928 | D:5      | Killed Gisufa's ghost
 22412 | Lair:2   | Noticed a six-headed hydra
 22419 | Lair:2   | Killed a six-headed hydra
 22420 | Lair:2   | Reached skill level 1 in Shields
 22439 | Lair:2   | Reached skill level 2 in Shields
 22959 | Lair:2   | Found a staircase to the Snake Pit.
 23213 | Lair:2   | Reached skill level 3 in Shields
 23218 | Lair:2   | Reached skill level 11 in Spellcasting
 23601 | Lair:3   | Found a staircase to the Swamp.
 23609 | Lair:3   | Found a gate leading to a gauntlet.
 23618 | Gauntlet | Entered a Gauntlet
 23618 | Gauntlet | Found a transporter.
 23906 | Gauntlet | Found a transporter.
 23921 | Gauntlet | Found a transporter.
 23926 | Gauntlet | Found a transporter.
 23949 | Gauntlet | Found a transporter.
 23963 | Gauntlet | Found a transporter.
 23978 | Gauntlet | Found a transporter.
 23987 | Gauntlet | Found a transporter.
 23993 | Gauntlet | Found a transporter.
 23993 | Gauntlet | Found a transporter.
 23998 | Gauntlet | Noticed a reaper
 24012 | Gauntlet | Found a transporter.
 24016 | Gauntlet | Noticed a catoblepas
 24020 | Gauntlet | Found a large runed translucent door.
 24021 | Gauntlet | Found a large runed translucent door.
 24022 | Gauntlet | Found a large runed translucent door.
 24022 | Gauntlet | Found a large runed translucent door.
 24023 | Gauntlet | Found a runed translucent gate.
 24024 | Gauntlet | Found a transporter.
 24024 | Gauntlet | Found a runed translucent gate.
 24025 | Gauntlet | Found a runed translucent gate.
 24026 | Gauntlet | Found a large runed translucent door.
 24026 | Gauntlet | Found a large runed translucent door.
 24027 | Gauntlet | Found a large runed translucent door.
 24028 | Gauntlet | Found a large runed translucent door.
 24037 | Gauntlet | Found a large runed translucent door.
 24037 | Gauntlet | Found a large runed translucent door.
 24037 | Gauntlet | Found a runed translucent door.
 24037 | Gauntlet | Found a runed translucent door.
 24038 | Gauntlet | Found a large runed translucent door.
 24039 | Gauntlet | Found a large runed translucent door.
 24041 | Gauntlet | Found a transporter.
 24048 | Gauntlet | Found a large runed translucent door.
 24048 | Gauntlet | Found a large runed translucent door.
 24049 | Gauntlet | Found a large runed translucent door.
 24050 | Gauntlet | Found a large runed translucent door.
 24058 | Gauntlet | Found a transporter.
 24060 | Gauntlet | Found a transporter.
 24085 | Gauntlet | Found a transporter.
 24107 | Gauntlet | Found a transporter.
 24510 | Gauntlet | Found a transporter.
 24873 | Gauntlet | Reached skill level 4 in Shields
 24922 | Gauntlet | Identified the +0 pair of boots of Follow the Leader {rElec
                  | rPois Dex-4}
 24954 | Gauntlet | Identified the +6 scimitar of Indomitability {flame, rPois
                  | rN+ Int+4}
 24954 | Gauntlet | Noticed a minotaur
 24984 | Gauntlet | HP: 24/100 [minotaur/silver javelin (24)]
 24985 | Gauntlet | Killed a minotaur
 24986 | Gauntlet | Reached skill level 12 in Fighting
 25289 | Lair:3   | Reached XP level 14. HP: 93/107 MP: 0/0
 25623 | Lair:3   | Reached skill level 5 in Shields
 25724 | Lair:3   | Identified the +1 leather armour of the Game of Life {rElec
                  | rN+ Dex-5 Slay+2}
 26338 | Lair:3   | Upgraded the game from 0.29.0 to 0.29.0-4-gdea44cf6ec
 26338 | Lair:3   | magus.rc [v1.11.3]
 26338 | Lair:3   | magus.rc [v1.11.3]
 26443 | Lair:4   | Reached skill level 12 in Spellcasting
 27051 | Lair:4   | Reached skill level 13 in Fighting
 27067 | Lair:4   | Reached skill level 13 in Spellcasting
 27458 | Lair:4   | Identified the +4 pair of boots of Geskeaq {Int-2 Dex+4
                  | Slay+5}
 27490 | Lair:4   | Found a staircase to the Slime Pits.
 27490 | Lair:4   | Found a viscous altar of Jiyva.
 28013 | Lair:5   | Entered Level 5 of the Lair of Beasts
 28127 | Lair:5   | Reached skill level 1 in Evocations
 28477 | Lair:5   | Identified the +0 helmet of Indestructible Liberty
                  | {*Corrode Slay+6 Stlth+}
 28671 | Lair:5   | Reached skill level 2 in Evocations
 29167 | Lair:5   | Reached skill level 6 in Shields
 29491 | Lair:5   | Reached skill level 3 in Evocations
 29774 | Lair:5   | Found a large runed translucent door.
 29775 | Lair:5   | Found a large runed translucent door.
 29803 | Lair:5   | Reached XP level 15. HP: 38/116 MP: 0/0
 29803 | Lair:5   | Learned a level 6 spell: Death Channel
 30654 | Lair:5   | Reached skill level 14 in Fighting
 30658 | Lair:5   | Noticed Kirke
 30677 | Lair:5   | Noticed a sphinx
 30677 | Lair:5   | Killed Kirke
 30971 | Lair:5   | Reached skill level 14 in Spellcasting
 31280 | Lair:5   | Reached skill level 7 in Shields
 31545 | Orc:1    | Entered Level 1 of the Orcish Mines
 31644 | Orc:1    | Found Xeimo's Firing Range.
 31875 | Orc:2    | Entered Level 2 of the Orcish Mines
 32106 | Orc:2    | Reached skill level 2 in Stealth
 32524 | Orc:2    | Noticed an orc warlord
 32536 | Orc:2    | Killed an orc warlord
 33106 | Orc:2    | Was placed under penance by Elyvilon
 33113 | Orc:1    | magus.rc [v1.11.3]
 33274 | Orc:2    | Found a staircase to the Elven Halls.
 33284 | Orc:2    | Found Xothon Sekuz's General Store.
 33292 | Orc:2    | Bought a scroll of poison for 40 gold pieces
 33292 | Orc:2    | Bought a scroll of identify for 20 gold pieces
 33315 | Orc:2    | Identified the +1 kite shield of Dishonesty {Harm Will+}
 33315 | Orc:2    | Noticed Donald
 33321 | Orc:2    | Killed Donald
 33322 | Orc:2    | Reached skill level 6 in Dodging
 33436 | Orc:2    | Found Tiappodgh's Jewellery Shoppe.
 33626 | Orc:2    | Found Tofufumu's Antique Weapon Shoppe.
 33644 | Orc:2    | Was forgiven by Elyvilon
 33645 | Orc:2    | Found Qarphewko's Antique Armour Boutique.
 34260 | D:11     | Found a transporter.
 34759 | D:11     | Reached skill level 8 in Shields
 34806 | D:11     | Found a transporter.
 35001 | D:11     | Identified the +1 pair of gloves of the Orb Guardian {rC+}
 36449 | Slime:1  | Entered Level 1 of the Pits of Slime
 36595 | D:13     | HP: 29/118 [+9 long sword (6)]
 36979 | D:13     | Reached skill level 7 in Dodging
 37215 | D:13     | Reached XP level 16. HP: 107/124 MP: 0/0
 37379 | D:13     | Found Peoll's Distillery.
 37438 | D:13     | Reached skill level 9 in Shields
 37762 | D:13     | Found a gate to the Vaults.
 38259 | D:14     | Reached skill level 15 in Fighting
 38725 | D:14     | Reached skill level 10 in Shields
 38967 | D:14     | Identified the +7 broad axe "Doaxzi" {vorpal, Drain rElec
                  | rF++ SInv}
 39486 | D:15     | Entered Level 15 of the Dungeon
 39643 | D:15     | Reached skill level 15 in Spellcasting
 40062 | D:14     | Reached skill level 11 in Shields
 40909 | D:15     | Reached skill level 12 in Shields
 41499 | D:15     | Found a staircase to the Depths.
 41986 | D:15     | Reached skill level 4 in Evocations
 42039 | D:15     | Identified the +4 flail of the Hummingbird {vorpal, Str-5
                  | Int+9 Dex+4 Stlth-}
 42067 | D:15     | Reached XP level 17. HP: 109/131 MP: 0/0
 42067 | D:15     | Learned a level 7 spell: Malign Gateway
 42443 | D:15     | Found a sacrificial altar of Ru.
 42717 | Snake:1  | Entered Level 1 of the Snake Pit
 42951 | Snake:1  | HP: 22/131 [naga sharpshooter/arrow (13)]
 44020 | Snake:1  | Reached skill level 5 in Evocations
 44361 | Snake:1  | Identified a +0 crystal plate armour
 44362 | Snake:1  | i - a +0 crystal plate armour {rare}
 44527 | Snake:1  | You drop a +0 crystal plate armour {rare}.
 44783 | Snake:2  | Was placed under penance by Elyvilon
 44783 | Snake:2  | HP: 29/132 [shock serpent/electric aura (8)]
 45119 | Snake:2  | Reached skill level 13 in Shields
 45608 | Snake:2  | Was forgiven by Elyvilon
 45806 | Snake:2  | Reached skill level 16 in Fighting
 46906 | Snake:2  | Identified the ring "Wiagexta" {rCorr AC+4}
 46918 | Snake:2  | Identified +1 pearl dragon scales
 47142 | Snake:2  | q - +1 pearl dragon scales {rare}
 47318 | Snake:2  | Reached XP level 18. HP: 131/139 MP: 0/0
 47997 | Snake:3  | Reached skill level 14 in Shields
 48491 | Snake:3  | Reached skill level 16 in Spellcasting
 48595 | Snake:3  | Found Wasatiym's General Store.
 49408 | Snake:3  | magus.rc [v1.11.3]
 49409 | Snake:4  | Entered Level 4 of the Snake Pit
 50278 | Snake:4  | Identified the +2 leather armour of the Cobbler {Harm rPois
                  | Dex-2}
 50289 | Snake:4  | Found Miogho's Jewellery Shop.
 50394 | Snake:4  | Reached skill level 17 in Fighting
 50531 | Snake:4  | Found Nodduwn's General Store.
 50531 | Snake:4  | Found Houmiw's Magic Scroll Shop.
 50557 | Snake:4  | Found Sodaplir's Assorted Antiques.
 50566 | Snake:4  | Bought a scroll of acquirement for 988 gold pieces
 50959 | Snake:4  | Noticed Vashnia
 50980 | Snake:4  | Killed Vashnia
 51584 | Snake:4  | Identified the +3 leather armour of Tehuxui {rElec Str+4}
 51588 | Snake:4  | Reached skill level 15 in Shields
 52203 | Snake:4  | Reached XP level 19. HP: 136/148 MP: 0/0
 52203 | Snake:4  | Learned a level 6 spell: Iron Shot
 52580 | Snake:4  | Reached skill level 17 in Spellcasting
 53500 | Snake:4  | Got a serpentine rune of Zot
 53674 | Swamp:1  | Entered Level 1 of the Swamp
 53725 | Swamp:1  | Reached skill level 8 in Dodging
 54448 | Swamp:1  | Reached skill level 10 in Armour
 54599 | Lair:3   | magus.rc [v1.11.3]
 54600 | Lair:3   | Acquired a manual of Spellcasting
 54613 | Lair:3   | You finish putting on your +1 pearl dragon scales {rare}.
 54618 | Lair:3   | You finish taking off your +1 pearl dragon scales {rare}.
 54633 | Lair:3   | You finish putting on your +1 pearl dragon scales {rare}.
 54638 | Lair:3   | You finish taking off your +1 pearl dragon scales {rare}.
 54643 | Lair:3   | You drop +1 pearl dragon scales {rare}.
 54668 | Swamp:1  | HP: 26/148 [eleionoma/spray of wooden splinters (38)]
 55045 | Swamp:1  | magus.rc [v1.11.3]
 55593 | Swamp:2  | Found a transporter.
 55677 | Swamp:2  | Reached skill level 9 in Dodging
 56386 | Swamp:2  | Found a transporter.
 56885 | Swamp:2  | Identified the ring of the Tarantula {rElec Will+ Str+4}
 56888 | Swamp:2  | Identified the +5 pair of gloves of Satit {Rampage *Corrode
                  | Str+2 Dex+4}
 57529 | Swamp:3  | Reached XP level 20. HP: 151/157 MP: 0/0
 57897 | Swamp:4  | Entered Level 4 of the Swamp
 58212 | Swamp:4  | Reached skill level 11 in Armour
 58236 | Swamp:4  | Reached skill level 18 in Fighting
 58386 | Swamp:4  | Noticed Aizul
 58393 | Swamp:4  | Killed Aizul
 59243 | Swamp:4  | Reached skill level 18 in Spellcasting
 59345 | Swamp:4  | Noticed the 27-headed Lernaean hydra
 59347 | Swamp:4  | HP: 32/157 [the 27-headed Lernaean hydra (9)]
 59348 | Swamp:4  | Killed the 27-headed Lernaean hydra
 60074 | Swamp:4  | Got a decaying rune of Zot
 60126 | Swamp:4  | magus.rc [v1.11.3]
 60310 | Vaults:1 | Entered Level 1 of the Vaults
 60326 | Vaults:1 | Identified the +0 ring mail "Ylaracyu" {Drain Regen+ rCorr}
 62134 | Vaults:1 | Found a runed translucent gate.
 62134 | Vaults:1 | Found a runed translucent gate.
 62134 | Vaults:1 | Found a runed translucent gate.
 62134 | Vaults:1 | Noticed astronautguy's ghost (master FoEE)
 62138 | Vaults:1 | Identified the +9 chain mail of the Holding Gods {*Slow
                  | Will++ rCorr Dex-4}
 62175 | Vaults:1 | Found Vueteho's Assorted Antiques.
 62265 | Vaults:1 | Reached skill level 3 in Stealth
 63040 | Elf:1    | Entered Level 1 of the Elven Halls
 63047 | Elf:1    | Reached skill level 19 in Fighting
 63052 | Elf:1    | Reached XP level 21. HP: 88/166 MP: 0/0
 63052 | Elf:1    | Learned a level 8 spell: Disjunction
 63185 | Elf:1    | Found Araghet's Assorted Antiques.
 63349 | Elf:1    | Identified the +4 quarterstaff of the Puffball {freeze, rF+
                  | rN+ Dex+4 Stlth+}
 63412 | Elf:1    | Found Meost's Antique Armour Emporium.
 63517 | Elf:1    | Found Dicsebim's Magic Scroll Boutique.
 63539 | Elf:1    | Reached skill level 19 in Spellcasting
 63566 | Elf:1    | Reached skill level 4 in Stealth
 63598 | Elf:1    | Reached skill level 10 in Dodging
 63711 | Elf:1    | Found a crumbling gateway.
 63723 | Desolati | Entered the Desolation of Salt
 64006 | Desolati | Identified the ring "Voxochet" {Ice Will+ MP-9 Stlth+}
 64410 | Desolati | Reached skill level 16 in Shields
 64646 | Desolati | Reached skill level 20 in Spellcasting
 64686 | Desolati | Identified the +9 long sword of the Spectre {freeze, *Slow
                  | +Blink Dex+4}
 64951 | Desolati | Found the +3 hat of Pondering {ponderous, Will+ MP+10
                  | Int+5}
 65037 | Desolati | Found the +3 warlock's mirror {reflect}
 65040 | Desolati | Identified the amulet of Zunoxti {rElec rF- rC+++ Regen+
                  | Slay-2}
 65663 | Elf:1    | magus.rc [v1.11.3]
 65663 | Elf:1    | magus.rc [v1.11.3]
 65907 | D:5      | Fell from the grace of Elyvilon
 65907 | D:5      | Became a worshipper of Cheibriados the Contemplative
 66466 | Vaults:2 | Reached * piety under Cheibriados
 66676 | Vaults:2 | Reached skill level 20 in Fighting
 66676 | Vaults:2 | Reached XP level 22. HP: 126/175 MP: 0/0
 66771 | Vaults:2 | Found a transporter.
 66775 | Vaults:2 | Found a bloodstained altar of Trog.
 66778 | Vaults:2 | Noticed Zotwa's ghost (adept GnSk)
 66814 | Vaults:2 | Reached ** piety under Cheibriados
 66867 | Vaults:2 | Reached skill level 12 in Armour
 67445 | Vaults:2 | Reached *** piety under Cheibriados
 67712 | Vaults:2 | Found a transporter.
 68058 | Vaults:3 | Reached skill level 13 in Armour
 68091 | Vaults:3 | Reached **** piety under Cheibriados
 68131 | Vaults:3 | Found a staircase to the Crypt.
 68132 | Vaults:3 | Found a basalt altar of Yredelemnul.
 69109 | Vaults:3 | Reached skill level 21 in Fighting
 69119 | Vaults:3 | Reached ***** piety under Cheibriados
 69535 | Vaults:4 | Reached XP level 23. HP: 164/184 MP: 0/0
 69535 | Vaults:4 | Learned a level 7 spell: Monstrous Menagerie
 69768 | Vaults:4 | Reached skill level 14 in Armour
 69835 | Vaults:4 | Found a transporter.
 69878 | Vaults:4 | Found a transporter.
 70344 | Vaults:4 | Found Keniary's Antique Armour Shop.
 71040 | Elf:2    | magus.rc [v1.11.3]
 71040 | Elf:2    | magus.rc [v1.11.3]
 71041 | Elf:2    | Identified the +0 robe of Cafeereu {Int+6}
 71468 | Elf:2    | Found Qetom's Jewellery Emporium.
 71469 | Elf:2    | Found Qeqamopn's Book Shop.
 71471 | Elf:2    | Found Syapuiha's Jewellery Emporium.
 71580 | Elf:2    | Found a huge runed translucent gate.
 71587 | Elf:2    | Found a huge runed translucent gate.
 71587 | Elf:2    | Found a huge runed translucent gate.
 71589 | Elf:2    | Found a huge runed translucent gate.
 71589 | Elf:2    | Found a huge runed translucent gate.
 71816 | D:7      | i - the +8 orange crystal plate armour {Archmagi, Int+3
                  | Clar, rare}
 71827 | D:7      | You finish putting on the +8 orange crystal plate armour
                  | {Archmagi, Int+3 Clar, rare}.
 71858 | D:7      | magus.rc [v1.11.3]
 71956 | D:4      | Bought a potion of resistance for 140 gold pieces
 71956 | D:4      | Bought a potion of invisibility for 112 gold pieces
 72227 | Crypt:1  | Entered Level 1 of the Crypt
 72258 | Crypt:1  | Identified the +7 ring mail of Misanthropy {Rampage rN+
                  | Str+5 Int-3}
 72281 | Crypt:1  | Noticed Jory
 72285 | Crypt:1  | Killed Jory
 72346 | Crypt:1  | Reached ****** piety under Cheibriados
 72394 | Crypt:1  | Reached skill level 15 in Armour
 72672 | Crypt:1  | Identified the +1 chain mail of the Grinning Gods {Harm rC-
                  | Str+2 Int+2}
 72745 | Crypt:1  | Reached skill level 6 in Evocations
 72804 | Crypt:1  | Noticed Bai Suzhen
 72824 | Crypt:1  | Killed Bai Suzhen
 74069 | Crypt:2  | Reached XP level 24. HP: 181/191 MP: 0/0
 74131 | Crypt:3  | Entered Level 3 of the Crypt
 74312 | Crypt:3  | Reached skill level 7 in Evocations
 74507 | Crypt:3  | Reached skill level 16 in Armour
 74582 | Crypt:3  | Noticed a curse skull
 74588 | Crypt:3  | Killed a curse skull
 74684 | Crypt:3  | Identified the ring of the Charred God {+Blink rF+ rN+
                  | rCorr Stlth-}
 74684 | Crypt:3  | Identified the ring of Qagogriu {rPois rN+ Stlth+}
 74838 | Crypt:3  | Found a staircase to the Tomb.
 75488 | Crypt:3  | Noticed an ancient lich
 75492 | Crypt:3  | Killed an ancient lich
 75575 | Crypt:3  | Noticed a dread lich
 75578 | Crypt:3  | Killed a dread lich
 75697 | Crypt:3  | Noticed a dread lich
 75699 | Crypt:3  | Killed a dread lich
 75700 | Crypt:3  | Reached skill level 17 in Shields
 75700 | Crypt:3  | Reached skill level 8 in Evocations
 76064 | Vaults:5 | Entered Level 5 of the Vaults
 76067 | Vaults:5 | Reached skill level 17 in Armour
 76110 | Vaults:4 | magus.rc [v1.11.3]
 76115 | Vaults:5 | Noticed a golden dragon
 76119 | Vaults:5 | Killed a golden dragon
 76132 | Vaults:5 | Reached skill level 9 in Evocations
 76175 | Vaults:5 | HP: 42/191 [frost giant/bolt of cold (9)]
 76177 | Vaults:5 | Noticed a golden dragon
 76326 | Vaults:5 | Reached skill level 18 in Armour
 76393 | Vaults:5 | Noticed an ancient lich
 76400 | Vaults:5 | Killed an ancient lich
 76401 | Vaults:5 | Reached XP level 25. HP: 113/197 MP: 0/0
 76401 | Vaults:5 | Learned a level 9 spell: Shatter
 76485 | Vaults:5 | magus.rc [v1.11.3]
 76567 | Vaults:5 | Identified +0 gold dragon scales
 76571 | Vaults:5 | Reached skill level 10 in Evocations
 76644 | Vaults:5 | Gained mutation: Your body sometimes deteriorates upon
                  | taking damage. [mutagenic glow]
 76791 | Vaults:5 | a frost giant comes into view. It is wielding the +10
                  | morningstar "Eos" {elec, Halo rElec}.
 76793 | Vaults:5 | Aim: a frost giant, wielding the +10 morningstar "Eos"
                  | {elec, Halo rElec} (slightly transparent, haloed, 99% to
                  | hit)
 76793 | Vaults:5 | Aim: a frost giant, wielding the +10 morningstar "Eos"
                  | {elec, Halo rElec} (slightly transparent, haloed, 99% to
                  | hit)
 76794 | Vaults:5 | Aim: a frost giant, wielding the +10 morningstar "Eos"
                  | {elec, Halo rElec} (almost dead, slightly transparent,
                  | haloed, 99% to hit)
 76794 | Vaults:5 | Aim: a frost giant, wielding the +10 morningstar "Eos"
                  | {elec, Halo rElec} (almost dead, slightly transparent,
                  | haloed, 99% to hit)
 77019 | Vaults:5 | Found Exoeweic's Distillery.
 77024 | Vaults:5 | Bought a potion of mutation for 112 gold pieces
 77024 | Vaults:5 | Bought a potion of invisibility for 112 gold pieces
 77068 | Vaults:5 | Found Mys Vur's Magic Scroll Shop.
 77140 | Vaults:5 | HP: 42/197 [tengu reaver/bolt of fire (18)]
 77279 | Vaults:5 | Identified the +2 arbalest of Honour {penet, rElec rCorr}
 77287 | Vaults:5 | Identified a +0 crystal plate armour
 77290 | Vaults:5 | Could not pick up a +0 crystal plate armour {rare} here;
                  | ([A]lways) ignore it?
 77586 | Vaults:5 | Reached skill level 19 in Armour
 77640 | Vaults:5 | Got a silver rune of Zot
 77825 | Depths:1 | Entered Level 1 of the Depths
 77964 | Depths:1 | Found a gateway to Hell.
 78144 | Depths:1 | Found Jiorphol's Specialty Armours.
 78369 | Depths:1 | Reached skill level 22 in Fighting
 78779 | Depths:1 | Identified a +0 crystal plate armour
 78909 | Depths:2 | Found a one-way gate leading to the halls of Pandemonium.
 78955 | Depths:2 | Found a one-way gate to the infinite horrors of the Abyss.
 78989 | Depths:2 | Reached skill level 21 in Spellcasting
 79031 | Depths:2 | Reached skill level 20 in Armour
 79204 | Depths:2 | Found Saisuf's Jewellery Emporium.
 79221 | Depths:2 | the Enchantress comes into view. She is wielding a +1
                  | lajatang of venom and wearing the +0 faerie dragon scales
                  | {rElec rCorr Str+7}.
 79221 | Depths:2 | Noticed the Enchantress
 79234 | Depths:2 | Reached XP level 26. HP: 81/205 MP: 0/0
 79255 | Depths:2 | Identified a +0 crystal plate armour
 79258 | Depths:2 | Aim: the Enchantress, wielding a +1 lajatang of venom and
                  | wearing the +0 faerie dragon scales {rElec rCorr Str+7}
                  | (lightly wounded, fast, repelling missiles, ally target,
                  | chance to affect: 0%)
 79258 | Depths:2 | Aim: the Enchantress, wielding a +1 lajatang of venom and
                  | wearing the +0 faerie dragon scales {rElec rCorr Str+7}
                  | (lightly wounded, fast, repelling missiles, ally target,
                  | chance to affect: 0%)
 79259 | Depths:2 | Aim: the Enchantress, wielding a +1 lajatang of venom and
                  | wearing the +0 faerie dragon scales {rElec rCorr Str+7}
                  | (lightly wounded, fast, repelling missiles, ally target,
                  | magic disrupted, 17% to hit)
 79259 | Depths:2 | Aim: the Enchantress, wielding a +1 lajatang of venom and
                  | wearing the +0 faerie dragon scales {rElec rCorr Str+7}
                  | (lightly wounded, fast, repelling missiles, ally target,
                  | magic disrupted, 17% to hit)
 79431 | Depths:2 | Identified a +0 crystal plate armour
 79739 | Depths:2 | Reached skill level 21 in Armour
 80140 | Depths:2 | Aim: the Enchantress, wielding a +1 lajatang of venom and
                  | wearing the +0 faerie dragon scales {rElec rCorr Str+7}
                  | (translocational energy, fast, repelling missiles, 17% to
                  | hit)
 80143 | Depths:2 | Killed the Enchantress
 80768 | Depths:3 | Noticed Mennas
 80770 | Depths:3 | Identified a +0 crystal plate armour
 80789 | Depths:3 | Identified a +0 crystal plate armour
 80794 | Depths:3 | Killed Mennas
 80903 | Depths:3 | Found a glowing silver altar of Zin.
 81661 | Depths:3 | Found a one-way gateway to a ziggurat.
 81726 | Depths:4 | Entered Level 4 of the Depths
 81856 | Depths:4 | Reached skill level 22 in Spellcasting
 82021 | Depths:4 | Noticed Frederick
 82024 | Depths:4 | Identified a +0 crystal plate armour
 82028 | Depths:4 | Killed Frederick
 82172 | Depths:4 | Found a gate to the Realm of Zot.
 82193 | Depths:4 | Reached XP level 27. HP: 200/211 MP: 0/0
 82193 | Depths:4 | Learned a level 9 spell: Chain Lightning
 82521 | Depths:4 | Noticed Vv
 82528 | Depths:4 | Killed Vv
 82898 | Zot:1    | Entered Level 1 of the Realm of Zot
 82898 | Zot:1    | Identified +9 gold dragon scales
 82898 | Zot:1    | Noticed Parghit
 82901 | Zot:1    | Killed Parghit
 82907 | Zot:1    | Identified a +0 crystal plate armour
 82913 | Zot:1    | G - +0 storm dragon scales {rare}
 83123 | D:10     | your +0 storm dragon scales {rare} glow green for a moment.
 83124 | D:10     | your +1 storm dragon scales {rare} glow green for a moment.
 83125 | D:10     | This trove needs +2 storm dragon scales to function. Give
                  | it the item?
 83125 | D:10     | You paid a toll of +2 storm dragon scales to enter a
                  | treasure trove
 83126 | Trove    | Entered a treasure trove
 83133 | Trove    | Identified the ring "Miebug" {rN+ Str+4}
 83139 | Trove    | Identified the ring "Jyacan" {+Blink rC- rN+++ Dex+6
                  | Slay-3}
 83145 | Trove    | Identified the amulet "Jyplurun" {Acrobat -Tele rCorr Int+5
                  | Stlth-}
 83147 | Trove    | Identified the amulet "Mukoar" {Acrobat Int+3 Dex+2}
 83149 | Trove    | Identified the ring "Ybaithra" {rElec Will+}
 83151 | Trove    | Identified the ring of Ameeh {AC+4 Str+3}
 83155 | Trove    | Identified the ring of the Salamander {Fly rElec rF- rC+
                  | rCorr}
 83157 | Trove    | Identified the amulet "Moaskoluel" {Acrobat Harm Regen+
                  | Slay-6}
 83161 | Trove    | Identified the ring "Pun Goid" {rF+ AC+4}
 83522 | Vaults:4 | Identified the ring of Tiowoki {rPois rF++ Str+4 Int+4}
 83536 | Vaults:4 | Identified the ring of Liberalism {rElec rPois rF+ Will+}
 83716 | Vaults:2 | Killed Zotwa's ghost
 84029 | Zot:1    | Could not pick up +9 gold dragon scales {rare} here;
                  | ([A]lways) ignore it?
 84124 | Zot:1    | Noticed an electric golem
 84138 | Zot:1    | Killed an electric golem
 84264 | Zot:1    | +0 storm dragon scales {rare}; a storm dragon corpse
 84264 | Zot:1    | +0 storm dragon scales {rare}; a storm dragon corpse
 84264 | Zot:1    | Could not pick up +0 storm dragon scales {rare} here;
                  | ([A]lways) ignore it?
 84332 | Zot:1    | Reached skill level 23 in Spellcasting
 84591 | Zot:1    | +0 storm dragon scales {rare}; a storm dragon corpse
 84755 | Zot:2    | Noticed an orb of fire
 85139 | Zot:2    | Identified the ring "Dotyhis" {rF+ rC+ MP+9 Str-3 SInv}
 85236 | Zot:2    | Noticed an electric golem
 85239 | Zot:2    | Killed an electric golem
 85315 | Zot:2    | Killed an orb of fire
 85790 | Zot:3    | Noticed an electric golem
 85893 | Zot:3    | Killed an electric golem
 85894 | Zot:3    | Reached skill level 22 in Armour
 85951 | Zot:2    | quicksilver dragon scales {rare}; a quicksilver dragon
                  | corpse
 85962 | Zot:3    | +0 shadow dragon scales {rare}; a shadow dragon corpse
 85962 | Zot:3    | +0 shadow dragon scales {rare}; a shadow dragon corpse
 85962 | Zot:3    | Could not pick up +0 shadow dragon scales {rare} here;
                  | ([A]lways) ignore it?
 85965 | Zot:3    | +0 shadow dragon scales {rare}; a shadow dragon corpse
 86013 | Zot:3    | Noticed an orb of fire
 86019 | Zot:3    | Killed an orb of fire
 86030 | Zot:3    | Reached skill level 18 in Shields
 86655 | Zot:3    | Found a runed translucent door.
 86655 | Zot:3    | Noticed Cyqimiab's ghost (legendary MfGl)
 86682 | Zot:3    | Killed Cyqimiab's ghost
 86789 | Zot:3    | Identified the ring "Tikkicok" {EV+4 Str+2}
 87059 | Zot:4    | Reached skill level 24 in Spellcasting
 87134 | Zot:4    | Identified a +0 crystal plate armour
 87265 | Zot:4    | Could not pick up quicksilver dragon scales {rare} here;
                  | ([A]lways) ignore it?
 87859 | Zot:5    | Entered Level 5 of the Realm of Zot
 87871 | Zot:5    | Noticed a curse toe
 87874 | Zot:5    | Killed a curse toe
 88079 | Zot:5    | Identified +0 gold dragon scales
 88094 | Zot:5    | +0 gold dragon scales {rare}; a golden dragon corpse
 88221 | Zot:5    | Identified the +2 ring mail of Grace {*Corrode rPois rN+++
                  | Stlth+}
 88414 | Zot:5    | Noticed an orb of fire
 88419 | Zot:5    | Gained mutation: You sometimes lose your temper in combat.
                  | [an orb of fire]
 88420 | Zot:5    | Killed an orb of fire
 88423 | Zot:5    | Noticed an orb of fire
 88424 | Zot:5    | Noticed an orb of fire
 88426 | Zot:5    | Noticed a dread lich
 88427 | Zot:5    | Killed an orb of fire
 88428 | Zot:5    | Gained mutation: You occasionally shout uncontrollably at
                  | your foes. [an orb of fire]
 88429 | Zot:5    | Killed an orb of fire
 88431 | Zot:5    | Killed a dread lich
 88432 | Zot:5    | Noticed an electric golem
 88436 | Zot:5    | Noticed an orb of fire
 88439 | Zot:5    | Killed an electric golem
 88441 | Zot:5    | Killed an orb of fire
 88442 | Zot:5    | Reached skill level 25 in Spellcasting
 88580 | Zot:5    | Lost mutation: You sometimes lose your temper in combat.
                  | [potion of mutation]
 88580 | Zot:5    | Lost mutation: You occasionally shout uncontrollably at
                  | your foes. [potion of mutation]
 88580 | Zot:5    | Gained mutation: You are weak. (Str -2) [potion of
                  | mutation]
 88580 | Zot:5    | Gained mutation: You have a pair of small horns on your
                  | head. [potion of mutation]
 88580 | Zot:5    | Gained mutation: Your spells are a little harder to cast,
                  | but a little more powerful. [potion of mutation]
 88599 | Zot:5    | Noticed a Killer Klown
 88601 | Zot:5    | Killed a Killer Klown
 88626 | Zot:5    | Noticed an ancient lich
 88633 | Zot:5    | Killed an ancient lich
 88668 | Zot:5    | Noticed a Killer Klown
 88677 | Zot:5    | Killed a Killer Klown
 88844 | Zot:5    | Noticed a Killer Klown
 88846 | Zot:5    | Noticed an orb of fire
 88847 | Zot:5    | Noticed an orb of fire
 88847 | Zot:5    | Noticed a Killer Klown
 88849 | Zot:5    | Identified +0 gold dragon scales
 88851 | Zot:5    | Killed an orb of fire
 88853 | Zot:5    | Noticed an orb of fire
 88854 | Zot:5    | Killed an orb of fire
 88856 | Zot:5    | Killed a Killer Klown
 88857 | Zot:5    | Noticed a Killer Klown
 88860 | Zot:5    | Killed a Killer Klown
 88860 | Zot:5    | Killed a Killer Klown
 88864 | Zot:5    | Killed an orb of fire
 88960 | Zot:5    | Noticed an orb of fire
 88962 | Zot:5    | Noticed an orb of fire
 88963 | Zot:5    | Killed an orb of fire
 88965 | Zot:5    | Killed an orb of fire
 88971 | Zot:5    | Noticed an ancient lich
 88974 | Zot:5    | Killed an ancient lich
 89087 | Zot:5    | Reached skill level 26 in Spellcasting
 89087 | Zot:5    | Noticed an ancient lich
 89090 | Zot:5    | Killed an ancient lich
 89125 | Zot:5    | +0 gold dragon scales {rare}; a golden dragon skeleton
 89164 | Zot:5    | Noticed an electric golem
 89168 | Zot:5    | Killed an electric golem
 89515 | Zot:5    | Got the Orb of Zot
 89620 | Zot:2    | Noticed Wisme the pandemonium lord
 89625 | Zot:2    | Killed Wisme the pandemonium lord
 90088 | D:1      | Noticed Hufov the pandemonium lord
 90090 | D:1      | Killed Hufov the pandemonium lord
 90122 | D:1      | Noticed Viucruism the pandemonium lord
 90126 | D:1      | Killed Viucruism the pandemonium lord
 90263 | D:1      | Noticed Nucipt the pandemonium lord
 90264 | D:1      | Killed Nucipt the pandemonium lord
 91591 | D:1      | Noticed Taedywea the pandemonium lord
 91594 | D:1      | Killed Taedywea the pandemonium lord
 92101 | D:1      | Noticed Moqocum the pandemonium lord
 92104 | D:1      | Killed Moqocum the pandemonium lord
 92387 | D:1      | Lost mutation: You have a pair of small horns on your head.
                  | [potion of mutation]
 92387 | D:1      | Lost mutation: Your body sometimes deteriorates upon taking
                  | damage. [potion of mutation]
 92387 | D:1      | Gained mutation: You have hidden genetic potential. [potion
                  | of mutation]
 92387 | D:1      | Lost mutation: Your spells are a little harder to cast, but
                  | a little more powerful. [potion of mutation]
 92442 | D:1      | Noticed Onelargh the pandemonium lord
 92446 | D:1      | Killed Onelargh the pandemonium lord
 92447 | D:1      | Reached skill level 27 in Spellcasting
 92447 | D:1      | Reached skill level 2 in Unarmed Combat
 92448 | D:$      | Escaped with the Orb!

Vanquished Creatures
  3 dread liches
  4 ancient liches
  9 orbs of fire
  The ghost of Cyqimiab the Merfolkian Porcupine, a legendary MfGl of Ru (Zot:3)
  7 pandemonium lords
  Vv (Depths:4)
  Parghit (Zot:1)
  3 Killer Klowns (Zot:5)
  the Lernaean hydra (Swamp:4)
  Frederick (Depths:4)
  A curse toe (Zot:5)
  8 golden dragons
  Jory (Crypt:1)
  A Brimstone Fiend (Zot:2)
  3 Tzitzimimeh
  4 electric golems
  25 tentacled monstrosities
  A Hell Sentinel (D:1)
  3 liches
  The ghost of Zotwa the Champion of Chaos, an adept GnSk of Makhleb (Vaults:2)
  An Ice Fiend (D:1)
  3 titans (Vaults:5)
  23 Orb Guardians
  6 quicksilver dragons
  2 eldritch tentacles
  An ancient champion (Crypt:2)
  A thorn hunter (Swamp:1)
  6 death cobs
  10 sphinxes
  3 shadow dragons
  4 tengu reavers
  Donald (Orc:2)
  2 draconian monks (Zot:1)
  11 storm dragons
  An azure jelly (shapeshifter) (Vaults:5)
  3 revenants
  7 fire giants
  5 draconian knights
  5 nagarajas (Snake:4)
  3 iron dragons
  A daeva (D:1)
  An orc warlord (Orc:2)
  A deep elf sorcerer (Elf:1)
  12 vault wardens
  A balrug (Depths:2)
  3 draconian scorchers
  9 frost giants
  8 draconian shifters
  2 imperial myrmidons (Desolation)
  2 cacodemons (D:1)
  A caustic shrike zombie (Crypt:1)
  5 draconian stormcallers
  A curse skull (Crypt:3)
  14 ironbound preservers
  Aizul (Swamp:4)
  10 stone giants
  26 very ugly things
  2 reapers
  A demonspawn blood saint (D:1)
  2 spriggan defenders (Depths:2)
  3 draconian annihilators
  3 war gargoyles (Crypt:3)
  7 ironbound thunderhulks
  7 green draconians
  5 vampire knights
  A demonspawn black sun (D:3)
  A deep elf demonologist (Elf:2)
  A deep elf annihilator (Vaults:5)
  2 eleionomae
  3 black draconians
  3 lorocyprocas
  8 red draconians
  9 white draconians
  7 dire elephants
  6 bunyips
  4 halazid warlocks (Desolation)
  A minotaur (Gauntlet)
  An entropy weaver (Vaults:2)
  14 spark wasps
  An eidolon (Crypt:3)
  2 deep elf death magi
  8 purple draconians
  15 yellow draconians
  3 blizzard demons (D:1)
  9 ettins
  A shambling mangrove (Swamp:4)
  11 fire dragons
  5 jiangshi
  6 servants of whispers (Desolation)
  A great orb of eyes (Vaults:2)
  5 ragged hierophants (Desolation)
  4 hell beasts
  4 yaktaur captains
  34 vault guards
  3 deep elf high priests
  22 hydras
  2 boulder beetles
  16 peacekeepers
  A spriggan air mage (Depths:2)
  2 spriggan skeletons
  6 ice dragons
  A salamander tyrant (Snake:4)
  4 rakshasas
  2 catoblepae (Lair:5)
  3 ogre magi
  Erica (D:8)
  6 centaur warriors
  15 anacondas
  4 hell hogs (D:1)
  4 ironbound frosthearts
  6 two-headed ogres
  5 alligators
  2 death knights
  5 deep troll shamans
  15 naga warriors
  4 tengu warriors
  3 orc high priests
  4 deep troll earth magi
  5 spriggan berserkers
  4 vampire magi
  10 death yaks
  5 shock serpents
  21 naga sharpshooters
  16 spriggans
  The ghost of avis the Transmogrifier, a journeyman VSTm of Okawaru (Lair:1)
  2 soul eaters (Crypt:1)
  12 iron trolls
  10 deep elf knights
  Amaemon (D:9)
  6 salamander mystics
  3 hell knights (Depths:2)
  A titan skeleton (Crypt:3)
  6 sixfirhies (D:1)
  16 skeletal warriors
  2 shadow wraiths
  4 goliath frogs
  A sea snake (Snake:3)
  A spark wasp zombie (Depths:3)
  2 shadow demons
  2 bunyip zombies (Crypt:1)
  13 flayed ghosts
  17 naga ritualists
  An orb spider (shapeshifter) (Depths:3)
  14 swamp dragons
  A death drake (shapeshifter) (Vaults:2)
  2 glowing orange brains
  A spriggan druid (Swamp:3)
  A quicksilver dragon simulacrum (Depths:2)
  4 bog bodies
  43 deep trolls
  An orange crystal statue (Elf:2)
  10 lindwurms
  8 orc knights
  29 ironbound convokers
  2 tengu zombies
  9 phantasmal warriors
  3 wizards
  A stone giant zombie (Crypt:1)
  3 harpies (Vaults:1)
  8 deep elf archers
  2 anaconda skeletons (Crypt:3)
  15 deep elf zephyrmancers
  22 deep elf pyromancers
  A sphinx zombie (Depths:1)
  12 necromancers
  30 ugly things
  5 orc sorcerers
  5 cyclopes
  2 tengu skeletons (Depths:1)
  An oklob plant (Gauntlet)
  3 will-o-the-wisps
  23 mana vipers
  19 salamanders
  8 elephants
  A dire elephant zombie (Crypt:1)
  A shadow dragon skeleton (Crypt:3)
  5 manticores
  5 fire giant skeletons (Crypt:3)
  24 moths of wrath
  18 naga magi
  3 centaur zombies
  54 black mambas
  5 molten gargoyles
  18 vault sentinels
  An ice statue (IceCv)
  13 guardian serpents
  5 orange demons
  11 cane toads
  A storm dragon simulacrum (Depths:1)
  A torpor snail (Lair:5)
  19 dancing weapons
  2 human zombies (Vaults:2)
  A dire elephant skeleton (Crypt:1)
  7 gargoyles
  A yellow draconian zombie (Crypt:2)
  Psyche (D:8)
  12 yaktaurs
  2 tormentors
  3 ice devils (D:1)
  3 unseen horrors
  4 rime drakes
  2 alligator snapping turtle skeletons
  3 centaur skeletons
  5 freezing wraiths
  2 tengu conjurers
  8 komodo dragons
  A hellwing (Zot:2)
  A black draconian skeleton (Crypt:2)
  A catoblepas skeleton (Crypt:2)
  A spectral harpy (Crypt:1)
  5 red devils
  8 trolls
  A guardian mummy (Crypt:3)
  9 tyrant leeches
  A death drake zombie (Crypt:2)
  2 polar bears
  13 hornets
  A harpy skeleton (Crypt:1)
  Prince Ribbit (D:8)
  An ice dragon zombie (Crypt:2)
  A tengu simulacrum (Depths:3)
  62 saltlings
  11 blink frogs
  A raiju (shapeshifter) (D:14)
  37 slime creatures
  A death drake skeleton (Crypt:1)
  A blink frog (shapeshifter) (Vaults:5)
  A jumping spider (Vaults:2)
  4 frost giant simulacra
  7 dream sheep (Lair:5)
  A stone giant simulacrum (Crypt:2)
  12 flying skulls (Gauntlet)
  11 fire dragon skeletons (Crypt:3)
  8 shadows
  A vampire (D:11)
  A water elemental (D:14)
  An air elemental (Elf:2)
  2 ynoxinuls
  2 ushabtiu (Crypt:3)
  3 fire elementals
  2 black mamba skeletons
  5 fire bats
  2 hogs (Lair:5)
  11 yaks
  8 wraiths
  7 wyverns
  9 basilisks
  A dire elephant simulacrum (IceCv)
  3 neqoxecs
  The ghost of Gisufa the Trooper, an amateur FoAK of Lugonu (D:5)
  A redback (Vaults:2)
  3 steam dragons
  3 chaos spawn (D:1)
  5 death yak simulacra (IceCv)
  A faun zombie (Crypt:1)
  22 vampire mosquitoes
  52 nagas
  31 swamp worms
  2 glowing shapeshifter skeletons
  4 wargs
  2 acid dragons (Gauntlet)
  15 water moccasins
  A hydra simulacrum (IceCv)
  A naga skeleton (Crypt:3)
  6 hell hounds
  27 orc warriors
  11 swamp drakes
  A sky beast (D:7)
  2 black bears
  An ice beast (D:5)
  16 centaurs
  3 ogres
  A golden eye zombie (Crypt:2)
  23 wolves
  A small abomination (Zot:2)
  A shining eye zombie (Crypt:2)
  4 kobold brigands
  A gnoll sergeant (D:9)
  7 bullfrogs
  2 necrophages (Crypt:2)
  6 scorpions
  An earth elemental (Elf:2)
  A glowing shapeshifter simulacrum (Depths:1)
  6 two-headed ogre simulacra (IceCv)
  3 wights (D:6)
  A shapeshifter zombie (Crypt:1)
  A polar bear zombie (Crypt:2)
  4 killer bees (D:9)
  2 elephant simulacra (IceCv)
  A troll skeleton (Crypt:2)
  4 electric eels
  3 howler monkeys (D:11)
  5 lava snakes (Lair:5)
  2 hounds (D:4)
  A quasit (D:5)
  A gnoll bouda (D:8)
  14 orc priests
  A boggart zombie (D:15)
  6 orc wizards
  A human skeleton (Crypt:1)
  3 iguanas
  9 troll simulacra (IceCv)
  A hell rat (Lair:2)
  3 polar bear simulacra (IceCv)
  9 spriggan simulacra
  9 mummies
  A swamp drake zombie (Crypt:1)
  6 adders
  10 gnolls
  4 naga simulacra (IceCv)
  5 shadow imps
  17 white imps
  6 ufetubi
  5 adder zombies (Ossuary)
  A worm (D:5)
  2 dart slugs
  68 orcs
  6 ball pythons
  6 endoplasms
  2 giant cockroaches
  6 hobgoblins
  2 jackals (D:2)
  5 quokkas
  5 bats
  2 frilled lizards
  A gnoll zombie (Crypt:1)
  8 goblins
  A goblin zombie (Ossuary)
  2 hobgoblin zombies (Ossuary)
  33 kobolds
  2 kobold zombies (Ossuary)
  4 quokka zombies (Ossuary)
  14 rats
  4 rat zombies (Ossuary)
  12 briar patches (Swamp:2)
  48 fulminant prisms
2201 creatures vanquished.

Vanquished Creatures (collateral kills)
  An ancient lich (Crypt:3)
  2 orbs of fire (Zot:5)
  Mennas (Depths:3)
  2 Killer Klowns (Zot:5)
  Bai Suzhen (Crypt:1)
  Vashnia (Snake:4)
  the Enchantress (Depths:2)
  An electric golem (Zot:3)
  A tentacled monstrosity (Zot:4)
  5 Orb Guardians (Zot:5)
  A death cob (Zot:3)
  3 sphinxes
  3 tengu reavers
  An eldritch tentacle (Depths:4)
  4 storm dragons
  2 shadow dragons
  A draconian knight (Depths:4)
  5 frost giants
  An orc warlord (Vaults:4)
  A fire giant (Vaults:5)
  A draconian shifter (Zot:3)
  A ghoul (Crypt:2)
  A draconian scorcher (Zot:5)
  2 draconian stormcallers (Depths:4)
  3 very ugly things
  6 vault wardens
  3 spriggan defenders (Depths:2)
  3 stone giants
  3 ironbound preservers
  2 ironbound thunderhulks
  2 black draconians (Zot:5)
  A vampire knight (Depths:2)
  A green draconian (Zot:3)
  3 spark wasps (Depths:2)
  3 purple draconians
  A red draconian (Depths:4)
  4 dire elephants
  An ettin (Vaults:2)
  2 yaktaur captains
  A deep elf high priest (Vaults:5)
  3 ironbound frosthearts
  2 ice dragons
  5 vault guards
  3 spriggan air magi
  2 naga warriors
  2 deep troll shamans
  5 deep troll earth magi
  A tengu warrior (Depths:4)
  A vampire mage (Depths:4)
  5 spriggans
  A hell knight (Depths:2)
  A skeletal warrior (Crypt:1)
  17 deep trolls
  2 wizards
  3 flayed ghosts (Crypt:3)
  2 orc knights (D:15)
  7 ironbound convokers
  A necromancer (Depths:2)
  3 phantasmal warriors
  A deep elf zephyrmancer (Elf:2)
  4 ugly things
  A mana viper (shapeshifter) (Depths:3)
  An orc sorcerer (Orc:1)
  A glowing shapeshifter (Crypt:3)
  A salamander (Depths:3)
  A naga mage (Snake:2)
  2 moths of wrath
  6 vault sentinels
  2 tengu conjurers (Depths:2)
  11 yaktaurs
  2 freezing wraiths (Crypt:3)
  An ice devil (Depths:2)
  An efreet (D:15)
  4 hornets
  A queen bee (shapeshifter) (Vaults:5)
  A saltling (Desolation)
  2 slime creatures (Vaults:2)
  A wraith (Crypt:3)
  2 fire elementals (Elf:2)
  A yak (Lair:2)
  A redback (Vaults:2)
  A water moccasin (Lair:2)
  An orc warrior (D:15)
  A hornet zombie (Crypt:1)
  An ogre (D:15)
  4 centaurs
  A wolf (Lair:2)
  An earth elemental (Elf:2)
  3 wights
  A mummy (Crypt:3)
  A hound skeleton (Crypt:1)
  An adder (D:5)
  An orc (D:15)
  A kobold (D:7)
214 creatures vanquished.

Vanquished Creatures (others)
  54 eldritch tentacles
  Kirke (Lair:5)
  A draconian knight (Zot:3)
  An ironbound thunderhulk (Vaults:3)
  4 dire elephants (Vaults:1)
  A salamander tyrant (Depths:3)
  A death yak (Lair:5)
  A vampire mage (Crypt:1)
  A deep troll earth mage (Depths:1)
  A hell knight (Vaults:5)
  A deep troll (Vaults:1)
  3 dancing weapons
  2 bloated husks
  A hornet (Depths:2)
  A blink frog (Lair:5)
  A kobold brigand (D:8)
  An orc priest (Vaults:5)
  4 hell rats (Lair:2)
  An ufetubus (IceCv)
  An orc (D:15)
  A briar patch (Swamp:2)
  A bush (Lair:5)
  2 demonic plants (D:5)
  14 foxfires
  799 fulminant prisms
  82 fungi
  104 plants
  32 withered plants
1117 creatures vanquished.

Grand Total: 3532 creatures vanquished

Table legend:
 A = Non-vault XP
 B = Vault XP
 C = Vault XP percentage of total XP
 D = Non-vault monster count
 E = Vault monster count
 F = Vault count percentage of total count
                 A         B        C        D         E       F
            +---------+---------+-------+---------+---------+-------
      Total |  812676 |  603037 |  42.6 |    1419 |     862 |  37.8
            +---------+---------+-------+---------+---------+-------
        D:1 |      24 |       0 |   0.0 |      15 |       0 |   0.0
        D:2 |      92 |      10 |   9.8 |      17 |      10 |  37.0
        D:3 |      29 |       0 |   0.0 |      15 |       0 |   0.0
        D:4 |     269 |       0 |   0.0 |      23 |       0 |   0.0
        D:5 |     619 |     420 |  40.4 |      20 |      17 |  45.9
        D:6 |     722 |     137 |  15.9 |      17 |       3 |  15.0
        D:7 |     999 |       0 |   0.0 |      25 |       0 |   0.0
        D:8 |    1435 |    1756 |  55.0 |      19 |      28 |  59.6
        D:9 |    2121 |    1201 |  36.2 |      20 |       2 |   9.1
       D:10 |    4948 |       0 |   0.0 |      13 |       0 |   0.0
       D:11 |    3952 |     752 |  16.0 |      21 |       4 |  16.0
       D:12 |    4996 |       0 |   0.0 |      17 |       0 |   0.0
       D:13 |    7495 |    2172 |  22.5 |      14 |       4 |  22.2
       D:14 |   11668 |    2866 |  19.7 |      27 |       8 |  22.9
       D:15 |   10729 |   12636 |  54.1 |      31 |      23 |  42.6
     Lair:1 |    2992 |     783 |  20.7 |      10 |       1 |   9.1
     Lair:2 |    6890 |    3083 |  30.9 |      29 |      12 |  29.3
     Lair:3 |    6049 |     541 |   8.2 |      16 |       1 |   5.9
     Lair:4 |   11113 |       0 |   0.0 |      34 |       0 |   0.0
     Lair:5 |   12050 |    9089 |  43.0 |      33 |      30 |  47.6
    Swamp:1 |   14727 |       0 |   0.0 |      27 |       0 |   0.0
    Swamp:2 |   12458 |    3922 |  23.9 |      28 |       9 |  24.3
    Swamp:3 |    9464 |       0 |   0.0 |      20 |       0 |   0.0
    Swamp:4 |   11722 |   16361 |  58.3 |      23 |      24 |  51.1
    Snake:1 |   13287 |    1099 |   7.6 |      30 |       3 |   9.1
    Snake:2 |   24695 |   13757 |  35.8 |      59 |      23 |  28.0
    Snake:3 |   20396 |       0 |   0.0 |      39 |       0 |   0.0
    Snake:4 |   33914 |   29669 |  46.7 |      62 |      38 |  38.0
      Orc:1 |     847 |       0 |   0.0 |       6 |       0 |   0.0
      Orc:2 |    1182 |    9810 |  89.2 |      24 |      28 |  53.8
      Elf:1 |   12793 |   10003 |  43.9 |      26 |      16 |  38.1
      Elf:2 |   23099 |    1493 |   6.1 |      37 |       2 |   5.1
   Vaults:1 |   24244 |   13333 |  35.5 |      34 |      19 |  35.8
   Vaults:2 |   38722 |   19339 |  33.3 |      55 |      24 |  30.4
   Vaults:3 |   34278 |   17021 |  33.2 |      51 |      24 |  32.0
   Vaults:4 |   24195 |   13576 |  35.9 |      31 |      14 |  31.1
   Vaults:5 |   32526 |   83565 |  72.0 |      50 |      76 |  60.3
    Crypt:1 |   11404 |   27831 |  70.9 |      25 |      31 |  55.4
    Crypt:2 |   18293 |       0 |   0.0 |      32 |       0 |   0.0
    Crypt:3 |       0 |   52738 | 100.0 |       0 |      82 | 100.0
   Depths:1 |   32255 |    4643 |  12.6 |      52 |       4 |   7.1
   Depths:2 |   36366 |   32305 |  47.0 |      46 |      36 |  43.9
   Depths:3 |   42937 |   19112 |  30.8 |      50 |      15 |  23.1
   Depths:4 |   25849 |   17489 |  40.4 |      26 |      13 |  33.3
      Zot:1 |   39120 |    3180 |   7.5 |      29 |       1 |   3.3
      Zot:2 |   43243 |    2604 |   5.7 |      35 |       1 |   2.8
      Zot:3 |   48396 |    3964 |   7.6 |      35 |       1 |   2.8
      Zot:4 |   34182 |       0 |   0.0 |      31 |       0 |   0.0
      Zot:5 |   58890 |  111847 |  65.5 |      40 |      42 |  51.2
    Ossuary |       0 |      94 | 100.0 |       0 |      21 | 100.0
      IceCv |       0 |    3437 | 100.0 |       0 |      51 | 100.0
 Desolation |       0 |   50295 | 100.0 |       0 |     102 | 100.0
   Gauntlet |       0 |    5104 | 100.0 |       0 |      19 | 100.0
            +---------+---------+-------+---------+---------+-------

Illustrated notes

Table legend:
 A = Kills in this place as a percentage of kills in entire the game.
 B = Kills by you in this place as a percentage of kills by you in the entire game.
 C = Kills by friends in this place as a percentage of kills by friends in the entire game.
 D = Other kills in this place as a percentage of other kills in the entire game.
 E = Experience gained in this place as a percentage of experience gained in the entire game.
 F = Experience gained in this place divided by the number of levels of this place that you have seen.
                   A       B       C       D       E      F
               +-------+-------+-------+-------+-------+----------------------
         Total | 100.0 | 100.0 | 100.0 | 100.0 | 100.0 | 26627.1
       Dungeon |  19.3 |  20.6 |   6.6 |  11.1 |   9.2 | 9172.1
          Lair |   7.1 |   7.6 |   1.4 |  11.1 |   3.5 | 10518.0
         Swamp |   5.6 |   6.2 |   0.0 |   0.0 |   4.6 | 17163.5
     Snake Pit |  10.8 |  11.7 |   1.9 |   0.0 |   9.2 | 34204.2
  Orcish Mines |   2.5 |   2.7 |   0.5 |   0.0 |   0.8 | 5919.5
   Elven Halls |   3.4 |   3.6 |   1.9 |   0.0 |   3.2 | 23694.0
        Vaults |  16.1 |  14.0 |  36.2 |  22.2 |  20.2 | 60159.8
         Crypt |   7.2 |   7.1 |   8.0 |  11.1 |   7.4 | 36755.3
        Depths |  10.3 |   8.1 |  31.5 |  33.3 |  14.3 | 53247.0
           Zot |   9.5 |   9.3 |  11.7 |  11.1 |  23.7 | 70652.8
       Ossuary |   0.9 |   1.0 |   0.0 |   0.0 |   0.0 |  94.0
      Ice Cave |   2.2 |   2.4 |   0.0 |   0.0 |   0.2 | 3437.0
    Desolation |   4.3 |   4.7 |   0.5 |   0.0 |   3.4 | 50295.0
      Gauntlet |   0.8 |   0.9 |   0.0 |   0.0 |   0.3 | 5104.0
               +-------+-------+-------+-------+-------+----------------------

Table legend: (Time is in decaauts)
 A = Elapsed time spent in this place.
 B = Non-inter-level travel time spent in this place.
 C = Inter-level travel time spent in this place.
 D = Time resting spent in this place.
 E = Time spent auto-exploring this place.
 F = Levels seen in this place.
 G = Mean time per level.
                   A        B        C        D        E       F      G
               +--------+--------+--------+--------+--------+-----+--------+
         Total | 107407 |  97621 |   9786 |  34614 |  49576 |  56 | 1918.0 |
       Dungeon |  30703 |  26452 |   4251 |  11214 |  12478 |  15 | 2046.9 |
        Temple |    177 |    152 |     25 |      0 |    133 |   1 |  177.0 |
          Lair |  12355 |  11599 |    756 |   6700 |   3604 |   5 | 2471.0 |
         Swamp |   5398 |   5206 |    192 |   2082 |   2427 |   4 | 1349.5 |
     Snake Pit |   9606 |   9413 |    193 |   4837 |   3386 |   4 | 2401.5 |
    Slime Pits |      1 |      1 |      0 |      0 |      0 |   1 |    1.0 |
  Orcish Mines |   2778 |   2399 |    379 |   1322 |    774 |   2 | 1389.0 |
   Elven Halls |   2394 |   2138 |    256 |    229 |   1554 |   2 | 1197.0 |
        Vaults |  13518 |  11822 |   1696 |   2168 |   7580 |   5 | 2703.6 |
         Crypt |   6353 |   5958 |    395 |    497 |   4485 |   3 | 2117.7 |
        Depths |   8590 |   7798 |    792 |    782 |   5798 |   4 | 2147.5 |
           Zot |   9081 |   8233 |    848 |   1174 |   5865 |   5 | 1816.2 |
         Trove |     73 |     73 |      0 |      0 |     44 |   1 |   73.0 |
       Ossuary |    593 |    593 |      0 |    327 |    186 |   1 |  593.0 |
      Ice Cave |   2527 |   2527 |      0 |   1839 |    273 |   1 | 2527.0 |
    Desolation |   1608 |   1608 |      0 |    546 |    590 |   1 | 1608.0 |
      Gauntlet |   1646 |   1646 |      0 |    896 |    397 |   1 | 1646.0 |
               +--------+--------+--------+--------+--------+-----+--------+

Top non-repeatable levels by time:
     D:1: 4188 daAuts
  Lair:2: 3775 daAuts
 Snake:4: 3741 daAuts
  Lair:5: 3190 daAuts
     D:5: 3113 daAuts
Vaults:1: 3087 daAuts
 Crypt:3: 3012 daAuts
Vaults:2: 2981 daAuts
  Lair:3: 2944 daAuts
Vaults:4: 2685 daAuts
 Snake:2: 2568 daAuts
   Zot:5: 2556 daAuts
   IceCv: 2527 daAuts
Vaults:5: 2474 daAuts
    D:14: 2437 daAuts
